 Seeded DCSS version 0.31-a0-986-g5e6e4ef867 (webtiles) character file.

Game seed: 3451369682634171190 (custom seed)

4323 timneilson the Thaumaturge (level 10, -10/56 HPs)
             Began as a Deep Elf Conjurer on Nov 25, 2023.
             Was a Believer of Vehumet.
             Mangled by Erica
             ... wielding a +3 scimitar of flaming
              (16 damage)
             ... on level 8 of the Dungeon.
             The game lasted 00:30:40 (6659 turns).

timneilson the Thaumaturge (Deep Elf Conjurer)      Turns: 6659, Time: 00:30:41

Health: -10/56     AC:  5    Str: 10    XL:     10   Next: 11%
Magic:  25/33      EV: 14    Int: 28    God:    Vehumet [**....]
Gold:   312        SH:  4    Dex: 13    Spells: 10/25 levels left

rFire   . . .        g - staff of Irksome Duty {rElec MP+9 Str+6 Conj}
rCold   . . .        x - +0 buckler
rNeg    + . .        B - +0 robe {Will+}
rPois   .            (no helmet)
rElec   +            G - +1 cloak
rCorr   .            (no gloves)
SInv    .            d - +0 pair of boots
Will    ++...        E - amulet of regeneration
Stlth   +++          u - ring of wizardry
HPRegen 1.09/turn    z - ring of positive energy
MPRegen 0.23/turn

%: wizardry (x1)
@: no status effects
A: no striking features
a: Renounce Religion


You were on level 8 of the Dungeon.
You worshipped Vehumet.
Vehumet was pleased with you.
You visited 2 branches of the dungeon, and saw 9 of its levels.

You collected 312 gold pieces.

Inventory:

Hand Weapons
 f - a +0 dagger of speed
Armour
 d - a +0 pair of boots (worn)
 x - a +0 buckler (worn)
 B - a +0 robe of willpower (worn)
 G - a +1 cloak (worn)
Magical Staves
 g - the staff of Irksome Duty (weapon) {rElec MP+9 Str+6 Conj}
   (You acquired it on level 2 of the Dungeon)

   [staff of conjuration]

   Base accuracy: +5 Base damage: 5 Base attack delay: 1.2 This weapon's minimum
   attack delay (0.6) is reached at skill level 12.
   Str+6:     It affects your strength (+6).
   rElec:     It insulates you from electricity.
   MP+9:      It affects your magic capacity (+9).
   Conj:      It increases the power of your Conjurations spells.
   It falls into the 'Staves' category.
   It is a one-handed weapon.
Jewellery
 c - a ring of ice
 u - a ring of wizardry (left hand)
 z - a ring of positive energy (right hand)
 C - a ring of resist corrosion
 E - an amulet of regeneration (around neck)
Wands
 a - a wand of charming (9)
 s - a wand of quicksilver (14)
 t - a wand of polymorph (3)
 w - a wand of mindburst (23)
 y - a wand of flame (22)
Scrolls
 k - a scroll of blinking {unknown}
 m - 3 scrolls of poison {unknown}
 n - 2 scrolls of fog {unknown}
 p - 5 scrolls of teleportation {unknown}
 A - 2 scrolls of noise {unknown}
 D - a scroll of fear {unknown}
Potions
 b - 3 potions of magic
 h - 4 potions of brilliance {unknown}
 j - 2 potions of haste
 q - 2 potions of enlightenment
 r - a potion of attraction
 v - a potion of lignification {unknown}


   Skills:
 + Level 3.2 Fighting
 + Level 3.7 Staves
 + Level 3.1 Armour
 * Level 7.5 Dodging
 + Level 5.8 Stealth
 + Level 2.1 Shields
 * Level 8.3 Spellcasting
 + Level 6.2 Conjurations
 + Level 4.3 Hexes
 + Level 3.5 Translocations
 + Level 1.0 Fire Magic
 + Level 3.4 Ice Magic
 + Level 4.1 Evocations


You had 10 spell levels left.
You knew the following spells:

 Your Spells              Type           Power      Damage    Failure   Level
a - Magic Dart            Conj           100%       1d8       1%          1
b - Searing Ray           Conj           100%       2d8       1%          2
c - Fulminant Prism       Conj/Hex       29%        3d13      3%          4
d - Iskenderun's Mystic   Conj/Tloc      55%        2d12      4%          4
e - Frozen Ramparts       Ice            62%        1d10      1%          3
f - Foxfire               Conj/Fire      100%       2x1d9     1%          1

Your spell library contained the following spells:

 Spells                   Type           Power      Damage    Failure   Level
 Ensorcelled Hibernation  Hex/Ice        66%        N/A       1%          2
 Jinxbite                 Hex            70%        N/A       1%          2
 Dazzling Flash           Conj/Hex       100%       N/A       1%          3
 Anguish                  Hex/Necr       11%        N/A       12%         4
 Metabolic Englaciation   Hex/Ice        16%        N/A       16%         5
 Petrify                  Tmut/Erth      11%        N/A       26%         4


Dungeon Overview and Level Annotations

Branches:
Dungeon (8/15)             Temple (1/1) D:7
   Lair: D:8-11

Altars:
Ashenzari
Cheibriados
Dithmenos
Elyvilon
Fedhas
Gozag
Kikubaaqudgha
Makhleb
Nemelex Xobeh
Okawaru
Qazlal
Ru
Sif Muna
Trog
Uskayaw
Vehumet
Wu Jian
Zin
The Shining One

Shops:
D:1 (=

Annotations:
D:8 Erica


Message History

You finish channelling your searing ray.
Erica casts a spell at you.
You are confused.
Unknown command.
Erica hits you with a +3 scimitar of flaming!
Erica burns you.
You barely miss Erica.
Erica is lightly wounded.
Erica points at you and mumbles some strange words.
You resist with almost no effort.
You hit Erica.
You blast Erica.
Erica is moderately wounded.
Erica closely misses you.
You bump into the rock wall.
Erica hits you with a +3 scimitar of flaming!
* * * LOW HITPOINT WARNING * * *
Erica burns you.
* * * LOW HITPOINT WARNING * * *
You feel better.
Erica hits you with a +3 scimitar of flaming!
* * * LOW HITPOINT WARNING * * *
Erica burns you.
* * * LOW HITPOINT WARNING * * *
Aiming: Quicksilver Bolt
Press: ? - help, Shift-Dir - straight line, f/p - Erica
Aim: Erica, wielding a +3 scimitar of flaming, wearing a +0 robe and carrying a wand of iceblast (lightly wounded, 71% to hit)
The bolt of dispelling energy hits Erica!
Erica is heavily wounded.
Erica hits you with a +3 scimitar of flaming.
* * * LOW HITPOINT WARNING * * *
Erica burns you.
* * * LOW HITPOINT WARNING * * *
Aiming: Quicksilver Bolt
Press: ? - help, Shift-Dir - straight line, f/p - Erica
Aim: Erica, wielding a +3 scimitar of flaming, wearing a +0 robe and carrying a wand of iceblast (heavily wounded, 71% to hit)
The bolt of dispelling energy hits Erica!!
Erica is severely wounded.
Erica hits you with a +3 scimitar of flaming!
You die...
Erica begins laughing uncontrollably.

## ## #...## #.
.# #.... #.#.
.... ... #..#
#.# #..#
####.####..#
#...<......#
........####@##
..>#.#### #@# .
.. #)# ..# #)#
# #). .).^
#####


You could see Erica.

Vanquished Creatures
  Prince Ribbit (D:5)
  Grinder (D:5)
  Sigmund (D:4)
  Eustachio (D:4)
  A steam dragon (D:7)
  Menkaure (D:5)
  Duvessa (D:7)
  A sky beast (D:7)
  3 ice beasts
  A black bear (D:3)
  An ogre (D:6)
  2 centaurs
  2 phantoms
  4 bullfrogs
  A gnoll sergeant (D:5)
  2 scorpions
  Dowan (D:7)
  14 wights
  6 killer bees (D:7)
  2 howler monkeys
  4 hounds
  2 jellies
  Crazy Yiuf (D:7)
  An orc priest (D:6)
  2 sleepcaps
  An iguana (D:7)
  Ijyb (D:5)
  11 orc wizards
  Terence (D:3)
  9 gnolls
  5 adders
  5 shadow imps
  A worm (D:3)
  6 dart slugs
  15 orcs
  6 ball pythons
  4 endoplasms
  5 giant cockroaches
  6 goblins
  6 hobgoblins
  8 jackals
  2 quokkas
  2 bats (D:1)
  A frilled lizard (D:2)
  4 kobolds
  7 rats
163 creatures vanquished.

Vanquished Creatures (others)
  A fulminant prism (D:6)
1 creature vanquished.

Grand Total: 164 creatures vanquished

Notes
Turn   | Place    | Note
-------+----------+-------------------------------------------
     0 | D:1      | timneilson the Deep Elf Conjurer began the quest for the
                  | Orb.
     0 | D:1      | Reached XP level 1. HP: 10/10 MP: 6/6
    56 | D:1      | Found Juceetep's Jewellery Shop.
    82 | D:1      | Noticed an eye of devastation
    84 | D:1      | Found a faded altar of an unknown god.
   174 | D:1      | You fall into a shaft and drop 1 floor!
   217 | D:2      | Reached XP level 2. HP: 13/15 MP: 4/8
   220 | D:2      | Learned a level 2 spell: Searing Ray
   243 | D:2      | Identified a scroll of acquirement
   243 | D:2      | Acquired the staff of Irksome Duty {rElec MP+9 Str+6 Conj}
   334 | D:1      | Noticed a golden eye
   337 | D:1      | Noticed a glass eye
   337 | D:1      | Noticed a golden eye
   360 | D:1      | Found Mylaamin's Weapon Shop.
   915 | D:1      | Reached XP level 3. HP: 20/20 MP: 10/10
  1627 | D:2      | Reached skill level 4 in Spellcasting
  1627 | D:2      | Reached XP level 4. HP: 24/24 MP: 12/12
  1879 | D:3      | Noticed Terence
  1911 | D:3      | Killed Terence
  1912 | D:3      | Reached skill level 1 in Evocations
  2107 | D:3      | Noticed a black bear
  2111 | D:3      | Killed a black bear
  2112 | D:3      | Reached skill level 1 in Fighting
  2112 | D:3      | Reached skill level 1 in Armour
  2112 | D:3      | Reached XP level 5. HP: 29/29 MP: 13/13
  2230 | D:3      | Reached skill level 1 in Staves
  2257 | D:3      | Found an iron altar of Okawaru.
  2333 | D:3      | Found an ornate altar of the Wu Jian Council.
  2334 | D:3      | Found a bloodstained altar of Trog.
  2745 | D:4      | Reached XP level 6. HP: 34/34 MP: 15/15
  2751 | D:4      | Learned a level 4 spell: Fulminant Prism
  2756 | D:4      | Learned a level 4 spell: Iskenderun's Mystic Blast
  2760 | D:4      | Learned a level 3 spell: Frozen Ramparts
  2952 | D:4      | Reached skill level 5 in Spellcasting
  3048 | D:4      | Noticed Sigmund
  3055 | D:4      | Killed Sigmund
  3056 | D:4      | Reached skill level 5 in Conjurations
  3056 | D:4      | Reached skill level 1 in Hexes
  3056 | D:4      | Reached XP level 7. HP: 38/38 MP: 17/17
  3258 | D:4      | Noticed Eustachio
  3265 | D:4      | Killed Eustachio
  3266 | D:4      | Reached skill level 1 in Translocations
  3266 | D:4      | Reached skill level 1 in Ice Magic
  3601 | D:5      | Entered Level 5 of the Dungeon
  3620 | D:5      | Noticed Prince Ribbit
  3628 | D:5      | Killed Prince Ribbit
  3629 | D:5      | Reached skill level 5 in Dodging
  3735 | D:5      | Reached skill level 6 in Spellcasting
  3775 | D:5      | Reached XP level 8. HP: 44/44 MP: 19/19
  3775 | D:5      | Found a radiant altar of Vehumet.
  3783 | D:5      | Became a worshipper of Vehumet
  3800 | D:5      | Noticed Ijyb
  3806 | D:5      | Killed Ijyb
  4024 | D:5      | Noticed Grinder
  4029 | D:5      | Killed Grinder
  4147 | D:5      | Noticed Menkaure
  4155 | D:5      | Killed Menkaure
  4324 | D:5      | Found an opulent altar of Gozag.
  4644 | D:6      | Reached * piety under Vehumet
  4644 | D:6      | Offered knowledge of Kiss of Death by Vehumet.
  4653 | D:6      | Reached skill level 1 in Shields
  4653 | D:6      | Reached skill level 7 in Spellcasting
  4708 | D:6      | Reached XP level 9. HP: 49/49 MP: 17/21
  4871 | D:6      | Reached skill level 5 in Stealth
  5672 | D:7      | Found a staircase to the Ecumenical Temple.
  5681 | Temple   | Entered the Ecumenical Temple
  5894 | D:7      | Offered knowledge of Foxfire by Vehumet.
  5904 | D:7      | Reached ** piety under Vehumet
  5908 | D:7      | Learned a level 1 spell: Foxfire
  6002 | D:7      | Reached skill level 8 in Spellcasting
  6133 | D:7      | Noticed Dowan
  6143 | D:7      | Killed Dowan
  6170 | D:7      | Noticed Duvessa
  6182 | D:7      | Killed Duvessa
  6183 | D:7      | Reached XP level 10. HP: 51/56 MP: 18/24
  6257 | D:7      | Found a runed translucent door.
  6258 | D:7      | Noticed Crazy Yiuf
  6265 | D:7      | Killed Crazy Yiuf
  6331 | D:7      | Found a broken altar of Ashenzari.
  6335 | D:7      | Saw a vision of the Swamp and the Snake Pit.
  6335 | D:7      | Noticed an anaconda
  6335 | D:7      | Noticed a naga warrior
  6335 | D:7      | Noticed a black mamba
  6335 | D:7      | Noticed a black mamba
  6335 | D:7      | Noticed an anaconda
  6335 | D:7      | Noticed a seven-headed hydra
  6337 | D:7      | Noticed a ghost crab
  6374 | D:7      | Found a sacrificial altar of Ru.
  6636 | D:8      | Noticed Erica
  6648 | D:8      | Reached skill level 1 in Fire Magic
  6659 | D:8      | Mangled by Erica

Illustrated notes

Levels and vault maps discovered:
D:1:      spicycebolla_green_bress_n_ham, layout_basic,
          hellmonk_ecumenical_altar_watching_god, serial_shops,
          nicolae_shop_gaudy_bauble, shop
D:2:      layout_loops_ring
D:3:      layout_loops_cross, grunt_temple_overflow_open,
          hangedman_decor_opposing, corexii_hall_statues_l, uniq_terence
D:4:      layout_basic, uniq_eustachio, uniq_sigmund
D:5:      layout_cave_pools, mainiacjoe_overflow_catch_the_wave,
          uniq_prince_ribbit1, uniq_grinder, uniq_menkaure, uniq_ijyb
D:6:      minmay_flawed_box, layout_gridville, hangedman_decor_riveting
D:7:      layout_loops_cross, kennysheep_mini, grunt_ashenzari_visionary
          [grunt_ashenzari_visionary_swamp, grunt_ashenzari_visionary_snake],
          minmay_temple_entry_trees, uniq_crazy_yiuf_cottage, uniq_duvessa
D:8:      cheibrodos_barr_body, layout_loops_ring, xom_redecorated, uniq_erica
Temple:   nicolae_temple_no_exploring_needed

Skill      XL: |  1  2  3  4  5  6  7  8  9 10 |
---------------+-------------------------------+-----
Dodging        | 3 4 5 6 7 |  7.5
Spellcasting   | 4 5 6 7 8 |  8.3
Stealth        | 3 4 5 |  5.8
Evocations     | 1 2 3 4 |  4.1
Fighting       | 1 2 3 |  3.2
Armour         | 1 2 3 |  3.1
Staves         | 1 2 3 |  3.7
Conjurations   | 5 6 |  6.2
Hexes          | 1 2 3 4 |  4.3
Translocations | 1 2 3 |  3.5
Ice Magic      | 1 2 3 |  3.4
Shields        | 1 2 |  2.1
Fire Magic     | 1 |  1.0

Action                     |  1- 3 |  4- 6 |  7- 9 | 10-12 || total
---------------------------+-------+-------+-------+-------++-------
  Melee: Dagger            |     7 |       |       |       ||     7
         Unarmed           |     1 |       |       |       ||     1
         Staff             |       |     2 |    28 |     2 ||    32
   Cast: Magic Dart        |    55 |    46 |    56 |     3 ||   160
         Searing Ray       |     3 |    14 |    58 |    11 ||    86
         Iskenderun's Myst |       |       |     2 |       ||     2
         Fulminant Prism   |       |       |     1 |       ||     1
         Frozen Ramparts   |       |       |     1 |       ||     1
  Evoke: Wand              |       |       |       |     2 ||     2
    Use: Scroll            |     1 |     1 |     3 |     1 ||     6
         Potion            |       |       |       |     2 ||     2
 Armour: Robe              |     8 |     4 |    46 |    13 ||    71
  Dodge: Dodged            |     4 |    13 |    61 |     5 ||    83
  Block: Buckler           |       |       |    17 |       ||    17

Table legend: (Time is in decaauts)
 A = Elapsed time spent in this place.
 B = Non-inter-level travel time spent in this place.
 C = Inter-level travel time spent in this place.
 D = Time resting spent in this place.
 E = Time spent auto-exploring this place.
 F = Levels seen in this place.
 G = Mean time per level.
                   A        B        C        D        E       F      G
               +--------+--------+--------+--------+--------+-----+--------+
         Total |   6657 |   6414 |    243 |    561 |   4093 |   9 |  739.7 |
       Dungeon |   6655 |   6412 |    243 |    561 |   4093 |   8 |  831.9 |
        Temple |      1 |      1 |      0 |      0 |      0 |   1 |    1.0 |
               +--------+--------+--------+--------+--------+-----+--------+

Top non-repeatable levels by time:
     D:6: 1122 daAuts
     D:7: 973 daAuts
     D:4: 962 daAuts
     D:1: 946 daAuts
     D:5: 934 daAuts
     D:3: 902 daAuts
     D:2: 786 daAuts
     D:8: 26 daAuts
  Temple: 1 daAuts
